 Dungeon Crawl Stone Soup version 0.21-a0-225-g207ae17 (webtiles) character file.

263 KristoblXynda the Conjurer (level 5, -4/28 HPs)
             Began as a Deep Elf Conjurer on Aug 28, 2017.
             Slain by an ogre
             ... wielding a +0 giant spiked club
              (20 damage)
             ... on level 4 of the Dungeon.
             The game lasted 00:08:14 (3791 turns).

KristoblXynda the Conjurer (Deep Elf Conjurer)      Turns: 3791, Time: 00:08:15

Health: -4/28      AC:  8    Str:  5    XL:     5   Next: 98%
Magic:  2/15       EV: 13    Int: 21    God:
Gold:   154        SH:  0    Dex: 15    Spells: 8/16 levels left

rFire    . . .     SeeInvis .   q - +1 short sword (venom)
rCold    . . .     Gourm    .   (no shield)
rNeg     . . .     Faith    .   a - +0 robe
rPois    .         Spirit   .   m - +1 hat
rElec    .         Reflect  .   e - +0 cloak
rCorr    .         Harm     .   t - +0 pair of gloves
MR       .....                  u - +2 pair of boots {Stlth+}
Stlth    +++.......             (no amulet)
HPRegen  0.09/turn              (no ring)
MPRegen  0.14/turn              (no ring)

@: very slightly contaminated
A: no striking features
a: no special abilities


You were on level 4 of the Dungeon.
You were not hungry.

You visited 1 branch of the dungeon, and saw 4 of its levels.

You collected 154 gold pieces.

Inventory:

Hand Weapons
 q - a +1 short sword of venom (weapon)
Armour
 a - a +0 robe (worn)
 e - a +0 cloak (worn)
 m - a +1 hat (worn)
 t - a +0 pair of gloves (worn)
 u - a +2 pair of boots of stealth (worn)
Scrolls
 d - 2 scrolls of remove curse
 j - a scroll of enchant armour
 l - a scroll of magic mapping
Potions
 f - 3 potions of curing
 g - a potion of invisibility
 h - a potion of mutation {unknown}
 n - 2 potions of heal wounds
 o - a potion of might
 p - a potion of ambrosia
 x - a potion of flight {unknown}
Books
 b - a book of Conjurations

   Spells                             Type                      Level
   a - Magic Dart                     Conjuration                  1
   b - Searing Ray                    Conjuration                  2
   c - Dazzling Spray                 Conjuration/Hexes            3
   d - Fulminant Prism                Conjuration/Hexes            4
   e - Force Lance                    Conjuration/Translocation    4
   f - Iskenderun's Mystic Blast      Conjuration                  4
Comestibles
 c - 3 bread rations
 k - 2 royal jellies
 w - a meat ration


   Skills:
 - Level 2.4 Dodging
 - Level 2.4 Stealth
 + Level 6.2 Spellcasting
 + Level 6.4 Conjurations


You had 8 spell levels left.
You knew the following spells:

 Your Spells              Type           Power        Failure   Level  Hunger
a - Magic Dart            Conj           ####         1%          1    None
b - Dazzling Spray        Conj/Hex       ###...       8%          3    #......
c - Iskenderun's Mystic   Conj           ####....     7%          4    ###....


Dungeon Overview and Level Annotations

Branches:
Dungeon (4/15)
 Temple: D:4-7

Altars:
Trog


Message History

Casting: Dazzling Spray
Confirm with . or Enter, or press ? or * to list all spells.
Aiming: Dazzling Spray
Press: ? - help, Shift-Dir - straight line, f/p - ogre
Aim: an ogre, wielding a giant spiked club (severely wounded)
You miscast Dazzling Spray.
You are very lightly contaminated with residual magic.
Your skin glows momentarily.
The ogre barely misses you.
Casting: Dazzling Spray
Confirm with . or Enter, or press ? or * to list all spells.
Aiming: Dazzling Spray
Press: ? - help, Shift-Dir - straight line, f/p - ogre
Aim: an ogre, wielding a giant spiked club (severely wounded)
You miscast Dazzling Spray.
You hear an indistinct dissonance whispering inside your mind.
You closely miss the ogre.
The ogre is severely wounded.
The ogre hits you with a giant spiked club!!
Ouch! That really hurt!
You die...

*,,,,,***,,,,*
**,,,,*,,,,,,,
*,,,,*,,,,,,,
*,,,,*,,,,,,,
**####******,,,***
*,...###.,**,,,***
*,.......,,,,,,,*,
##.......,,,,,,,*,
#@.......,,,,,,,*,
#O.......,,,,,,,*,
##....###,,,,,,,*,
**....#**,,,,,****
*,......,,,,,,,*
*,.......,,,,,,*
**.......,,,,,,*
*....###,,**,**
*,,,,***,,****


You could see an ogre.

Vanquished Creatures
  An ice beast (D:4)
  6 adders
  3 gnolls (D:3)
  4 worms
  A dart slug (D:1)
  4 leopard geckos
  3 orcs (D:3)
  4 giant cockroaches
  9 goblins
  8 hobgoblins
  3 jackals (D:3)
  6 kobolds
  A quokka (D:2)
  8 bats
  3 frilled lizards
  A jackal skeleton (D:4)
  8 rats
73 creatures vanquished.

Notes
Turn   | Place    | Note
-------+----------+-------------------------------------------
     0 | D:1      | KristoblXynda the Deep Elf Conjurer began the quest for the Orb.
     0 | D:1      | Reached XP level 1. HP: 10/10 MP: 6/6
   305 | D:1      | Reached XP level 2. HP: 15/15 MP: 5/8
   837 | D:2      | Reached skill level 5 in Conjurations
   837 | D:2      | Reached XP level 3. HP: 11/19 MP: 3/10
  1880 | D:2      | Reached XP level 4. HP: 24/24 MP: 1/12
  2016 | D:3      | Found a bloodstained altar of Trog.
  2593 | D:3      | Reached skill level 5 in Spellcasting
  2905 | D:3      | Learned a level 3 spell: Dazzling Spray
  2910 | D:3      | Learned a level 4 spell: Iskenderun's Mystic Blast
  3134 | D:3      | Reached XP level 5. HP: 27/28 MP: 14/14
  3501 | D:4      | Noticed an ice beast
  3523 | D:4      | Killed an ice beast
  3785 | D:4      | Noticed an ogre
  3791 | D:4      | Slain by an ogre

Vault maps used:
D:1:      scummos_arrival_star, hangedman_decor_points
D:3:      serial_glass, glass_columns_a, glass_columns_b, bloody_trog
D:4:      first_bread, uniq_grinder

Skill      XL: |  1  2  3  4  5 |
---------------+----------------+-----
Spellcasting   | 4 5 6 |  6.2
Conjurations   | 5 6 |  6.4
Dodging        | |  2.4
Stealth        | |  2.4

Action                   |  1- 3 |  4- 6 || total
-------------------------+-------+-------++-------
Melee: Short sword       |       |    51 ||    51
 Cast: Magic Dart        |    74 |    66 ||   140
       Dazzling Spray    |       |     5 ||     5
  Use: Scroll            |       |    12 ||    12
 Stab: Sleeping          |       |     1 ||     1
  Eat: Chunk             |     2 |     1 ||     3
       Meat ration       |       |     1 ||     1
       Royal jelly       |       |     1 ||     1
Armor: Robe              |     1 |    17 ||    18
Dodge: Dodged            |     3 |    31 ||    34

Table legend:
 A = Spawn XP
 B = Non-spawn XP
 C = Spawn XP percentage of total XP
 D = Spawn monster count
 E = Non-spawn monster count
 F = Spawn count percentage of total count
 G = Total turns spent on level
                    A         B        C        D         E        F      G
               +---------+---------+-------+---------+---------+-------+---------
         Total |      56 |     321 |  14.9 |      16 |      57 |  21.9 |  3791
               +---------+---------+-------+---------+---------+-------+---------
           D:1 |       1 |      30 |   3.2 |       1 |      17 |   5.6 |   818
           D:2 |       8 |      63 |  11.3 |       5 |      12 |  29.4 |  1198
           D:3 |      46 |      96 |  32.4 |       9 |      27 |  25.0 |  1485
           D:4 |       1 |     132 |   0.8 |       1 |       1 |  50.0 |   290
               +---------+---------+-------+---------+---------+-------+---------
